 Dungeon Crawl Stone Soup version 0.28-a0-401-ge240ad9e29 (webtiles) character file.

Game seed: 10214975648741990821

151655 bearlyready the Carver (level 17, -17/136 HPs)
             Began as a Gnoll Cinder Acolyte on Sept 4, 2021.
             Was an Elder of Ignis.
             Killed from afar by a deep elf zephyrmancer (19 damage)
             ... with a bolt of lightning
             ... on level 2 of the Elven Halls.
             The game lasted 01:22:42 (43321 turns).

bearlyready the Carver (Gnoll Cinder Acolyte)      Turns: 43321, Time: 01:22:43

Health: -17/136    AC: 23    Str: 19    XL:     17   Next: 56%
Magic:  18/32      EV: 12    Int: 14    God:    Ignis [****..]
Gold:   1757       SH: 18    Dex:  8    Spells: 37/39 levels left

rFire   + + +      SeeInvis +   a - +2 scimitar (elec)
rCold   . . .      Faith    .   M - +2 kite shield {rN+}
rNeg    + + .      Spirit   .   h - +1 scale mail "Zoir" {rF+ Str-4 Slay+6 Stlth+}
rPois   .          Reflect  +   j - +0 helmet
rElec   .          Harm     .   Y - +1 cloak
rCorr   .          Rampage  .   W - +1 pair of gloves {Str+3}
Will    +....                   O - +1 pair of boots "Erghut" {rF++ rN+ SInv Stlth-}
Stlth   +++.......              c - amulet of reflection
HPRegen 0.32/turn               J - +4 ring of protection
MPRegen 0.23/turn               x - +4 ring of slaying

@: no status effects
A: fangs 1, strong nose, distributed training
a: Renounce Religion, Sea of Fire, Foxfire Swarm, Rising Flame


You were on level 2 of the Elven Halls.
You worshipped Ignis.
Ignis was greatly pleased with you.
You visited 6 branches of the dungeon, and saw 28 of its levels.
You also visited: Volcano.

You collected 4049 gold pieces.
You spent 2292 gold pieces at shops.

Inventory:

Hand Weapons
 a - a +2 scimitar of electrocution (weapon)
 A - a +2 broad axe of flaming
Missiles
 b - 6 javelins
 o - 5 curare-tipped darts
 s - 23 boomerangs (quivered)
 L - 89 poisoned darts
 V - 4 silver boomerangs
Armour
 f - +7 gold dragon scales
 h - the +1 scale mail "Zoir" (worn) {rF+ Str-4 Slay+6 Stlth+}
   (You found it on level 1 of the Lair of Beasts)

   Str:       It affects your strength (-4).
   Slay:      It affects your accuracy & damage with ranged weapons and melee
   (+6).
   rF:        It protects you from fire.
   Stlth:     It makes you more stealthy.
 j - a +0 helmet (worn)
 M - a +2 kite shield of positive energy (worn)
 O - the +1 pair of boots "Erghut" (worn) {rF++ rN+ SInv Stlth-}
   (You acquired it on level 2 of the Orcish Mines)

   rF:        It greatly protects you from fire.
   rN:        It protects you from negative energy.
   SInv:      It lets you see invisible.
   Stlth:     It makes you less stealthy.
 W - a +1 pair of gloves of strength (worn)
 Y - a +1 cloak (worn)
Jewellery
 c - an amulet of reflection (around neck)
 p - a ring of flight
 x - a +4 ring of slaying (right hand)
 J - a +4 ring of protection (left hand)
Wands
 g - a wand of digging (16)
 t - a wand of flame (57)
 v - a wand of charming (3)
 R - a wand of acid (3)
 S - a wand of paralysis (16)
 Z - a wand of polymorph (13)
Scrolls
 k - 2 scrolls of summoning
 l - 2 scrolls of blinking
 q - 3 scrolls of vulnerability
 u - 3 scrolls of fear
 y - 5 scrolls of identify
 B - 3 scrolls of immolation
 D - 4 scrolls of amnesia
 E - 4 scrolls of enchant weapon
 H - 15 scrolls of teleportation
 I - 6 scrolls of magic mapping
 N - a scroll of fog
 T - 3 scrolls of silence
Potions
 e - 5 potions of mutation
 m - 3 potions of lignification
 w - 5 potions of haste
 z - 11 potions of curing
 C - 4 potions of invisibility
 F - 3 potions of ambrosia
 G - 6 potions of brilliance
 K - 6 potions of might
 P - 2 potions of cancellation
 Q - a potion of berserk rage
 U - a potion of magic
 X - 4 potions of flight
Miscellaneous
 n - a phantom mirror


   Skills:
 + Level 13.0 Fighting
 + Level 11.6 Short Blades
 + Level 13.0 Long Blades
 + Level 11.6 Axes
 + Level 11.6 Maces & Flails
 + Level 11.6 Polearms
 + Level 11.6 Staves
 + Level 11.6 Slings
 + Level 11.6 Bows
 + Level 11.6 Crossbows
 + Level 11.6 Throwing
 + Level 11.6 Armour
 + Level 11.6 Dodging
 + Level 11.6 Stealth
 + Level 11.6 Shields
 + Level 11.6 Unarmed Combat
 + Level 11.9 Spellcasting
 + Level 9.9 Conjurations
 + Level 9.9 Hexes
 + Level 9.9 Summonings
 + Level 9.9 Necromancy
 + Level 9.9 Translocations
 + Level 9.9 Transmutations
 + Level 11.2 Fire Magic
 + Level 9.9 Ice Magic
 + Level 9.9 Air Magic
 + Level 9.9 Earth Magic
 + Level 9.9 Poison Magic
 + Level 12.5 Invocations
 + Level 11.6 Evocations


You had 37 spell levels left.
You knew the following spells:

 Your Spells              Type           Power      Damage    Failure   Level
a - Scorch                Fire           78%        2d9       1%          2

Your spell library contained the following spells:

 Spells                   Type           Power      Damage    Failure   Level
 Corona                   Hex            40%        N/A       1%          1
 Corpse Rot               Necr/Air       N/A        N/A       1%          2
 Ensorcelled Hibernation  Hex/Ice        72%        N/A       1%          2
 Sublimation of Blood     Necr           18%        N/A       1%          2
 Dazzling Flash           Conj/Hex       72%        N/A       1%          3
 Ignite Poison            Fire/Tmut/Pois 37%        N/A       1%          3
 Mephitic Cloud           Conj/Pois/Air  36%        N/A       1%          3
 Portal Projectile        Hex/Tloc       72%        N/A       1%          3
 Tukima's Dance           Hex            36%        N/A       1%          3
 Animate Dead             Necr           18%        N/A       5%          4
 Cause Fear               Hex            18%        N/A       5%          4
 Dispel Undead            Necr           36%        3d15      5%          4
 Fulminant Prism          Conj/Hex       18%        3d11      5%          4
 Hailstorm                Conj/Ice       36%        3d9       5%          4
 Ice Form                 Ice/Tmut       36%        N/A       5%          4
 Iskenderun's Mystic Bla  Conj/Tloc      36%        2d9       5%          4
 Petrify                  Tmut/Erth      36%        N/A       5%          4
 Blade Hands              Tmut           18%        N/A       16%         5
 Excruciating Wounds      Necr           18%        N/A       16%         5
 Freezing Cloud           Conj/Ice/Air   18%        6-21      16%         5
 Irradiate                Conj/Tmut      18%        3d20      16%         5
 Lee's Rapid Deconstruct  Erth           18%        3d12*     16%         5
 Starburst                Conj/Fire      18%        6d7       54%         6
 Death Channel            Necr           18%        N/A       63%         6
 Simulacrum               Ice/Necr       18%        N/A       63%         6
 Dragon Form              Tmut           18%        N/A       99%         7
 Haunt                    Necr/Summ      18%        N/A       99%         7
 Infestation              Necr           18%        N/A       100%        8
 Dragon's Call            Summ           18%        N/A       100%        9


Dungeon Overview and Level Annotations

Branches:
Dungeon (15/15)            Temple (0/1) D:7            Lair (6/6) D:11
 Shoals (1/4) Lair:3        Snake (2/4) Lair:4        Slime (0/5) Lair:6
    Orc (2/2) D:10            Elf (2/3) Orc:2        Vaults (0/5) D:14
 Depths (0/5) D:15        Volcano (visited)

Altars:
Ashenzari
Cheibriados
Dithmenos
Elyvilon
Okawaru
Sif Muna
Uskayaw
Wu Jian
Zin
Beogh
Jiyva

Shops:
D:2 *   D:6 ?   D:10 [   D:12 [   Orc:2 =*(*   Shoals:1 *   Snake:1 **

Portals:
Abyss: D:10
Trove: Elf:2 (give 5 potions of resistance)

Annotations:
D:10 2 transporters, mathmaestro's ghost, novice TrMo
D:15 3 runed translucent doors, Fodd's ghost, adept GnDe; Qiywoyfutt's ghost, journeyman GrFi
Lair:6 1 runed translucent door
Snake:2 Vashnia


Innate Abilities, Weirdness & Mutations

You have very sharp teeth.
Your uncanny sense of smell can sniff out nearby items.
Your experience applies equally to all skills.


Message History

There is an open door here.
You block the +6 antimagic hand axe's attack.
The deep elf pyromancer casts a spell.
You see here 3 poisoned darts.
The deep elf zephyrmancer casts a spell.
The deep elf zephyrmancer blinks!
The +6 antimagic hand axe hits you!
You feel your power leaking away.
The +6 antimagic hand axe closely misses you.
The deep elf pyromancer gestures wildly while chanting.
The deep elf pyromancer mumbles some strange words.
The deep elf pyromancer blinks!
The +6 antimagic hand axe hits you but does no damage.
The deep elf zephyrmancer gestures at you while chanting.
The bolt of lightning hits the +6 antimagic hand axe.
The +6 antimagic hand axe completely resists.
The bolt of lightning hits you! The bolt of lightning hits you!!
The bolt of lightning misses the +6 antimagic hand axe.
There is an open door here.
The deep elf zephyrmancer casts a spell at you.
The bolt of lightning hits the +6 antimagic hand axe.
The +6 antimagic hand axe completely resists.
The bolt of lightning hits you!!
* * * LOW HITPOINT WARNING * * *
The bolt of lightning hits you.
* * * LOW HITPOINT WARNING * * *
The +6 antimagic hand axe hits you!
* * * LOW HITPOINT WARNING * * *
You feel your power leaking away. The +6 antimagic hand axe hits you.
* * * LOW HITPOINT WARNING * * *
You feel your power leaking away.
There is a stone staircase leading up, spattered with blood here.
You block the +6 antimagic hand axe's attack.
The deep elf zephyrmancer points at you and mumbles some strange words.
The bolt of lightning hits the +6 antimagic hand axe.
The +6 antimagic hand axe completely resists.
The bolt of lightning hits you!
* * * LOW HITPOINT WARNING * * *
The bolt of lightning hits you!!
You die...

...e..# ......#
......+ ∆
......# $.[e..#
.....# .§.e## ∆
...#'## ##+
'####.## ##@#
##...##### ##(##
#..○○'##.###.##
#.○8.#(.e.e'##
.##E8.8e...e[..#
.☼☼8.∩.8...)...+
.#..8.8........#
#...8...(....##
#####........# ∆


You could see a deep elf archer (repels missiles), a deep elf zephyrmancer and a
+6 antimagic hand axe.

Vanquished Creatures
  Rupert (Lair:5)
  Kirke (Lair:5)
  Nessos (Orc:2)
  Azrael (D:12)
  3 deep elf death magi (Elf:1)
  Josephine (Lair:5)
  Harold (D:7)
  A vault guard (D:14)
  5 naga warriors
  4 boulder beetles
  A merfolk avatar (Lair:6)
  12 hydras
  2 anacondas (Snake:1)
  A death knight (D:14)
  11 two-headed ogres
  2 ogre magi (Orc:2)
  3 dancing weapons
  8 centaur warriors
  3 death yaks (D:11)
  4 tengu warriors
  6 naga sharpshooters
  A shock serpent (Snake:1)
  4 deep elf knights (Elf:1)
  15 skeletal warriors
  A salamander mystic (Snake:1)
  A sea snake (Lair:6)
  A glowing orange brain (shapeshifter) (D:15)
  A naga ritualist (Snake:2)
  6 wizards
  2 mana vipers
  A phantasmal warrior (D:14)
  2 deep trolls (Orc:2)
  5 deep elf archers
  2 necromancers (D:14)
  2 orc knights
  6 deep elf zephyrmancers
  3 lindwurms
  2 harpies
  15 deep elf pyromancers
  6 cyclopes
  8 ugly things
  4 salamanders
  6 manticores
  A slime creature (D:15)
  5 toenail golems (Volcano)
  21 elephants
  13 black mambas
  2 gargoyles (D:12)
  A rime drake (shapeshifter) (Elf:2)
  15 cane toads
  A yaktaur (D:15)
  6 rime drakes
  2 tengu conjurers
  A freezing wraith (D:14)
  4 komodo dragons
  An efreet (D:14)
  6 meliai
  11 trolls
  A wind drake (Lair:6)
  11 dream sheep
  3 snapping turtles
  Prince Ribbit (D:7)
  A dream sheep (shapeshifter) (D:15)
  8 blink frogs
  2 shadows
  5 wraiths (Lair:5)
  An air elemental (Elf:1)
  3 water elementals
  3 hogs (Lair:5)
  3 wyverns
  29 yaks
  5 basilisks
  19 humans (D:14)
  4 steam dragons
  6 fire elementals (D:12)
  10 vampire mosquitoes
  7 wargs
  Duvessa (D:5)
  17 nagas
  19 water moccasins
  A hell hound (D:12)
  17 orc warriors
  A sky beast (D:6)
  3 black bears
  14 ogres
  3 ice beasts
  15 wolves
  23 centaurs
  A phantom (D:7)
  A kobold brigand (D:7)
  13 bullfrogs
  Blork the orc (D:4)
  A scorpion (D:5)
  Dowan (D:5)
  A wyvern zombie (D:9)
  An earth elemental (Elf:1)
  A wyvern skeleton (D:6)
  A water moccasin skeleton (D:6)
  4 killer bees
  6 electric eels
  3 centaur zombies
  3 hounds (D:4)
  A jelly (D:6)
  Crazy Yiuf (D:2)
  A bullfrog zombie (D:4)
  8 orc priests
  A gnoll shaman (D:6)
  4 centaur skeletons
  2 iguanas (D:7)
  17 orc wizards
  6 hell rats
  A hound zombie (D:5)
  2 hound skeletons
  2 howler monkey zombies (D:8)
  Robin (D:2)
  9 gnolls
  4 river rats (D:11)
  4 adders
  2 howler monkey skeletons (D:7)
  A white imp (D:7)
  An ufetubus (D:4)
  4 worms
  A dart slug (D:4)
  61 orcs
  10 endoplasms
  5 giant cockroaches
  17 goblins
  7 hobgoblins
  3 jackals (D:1)
  6 kobolds
  2 quokkas (D:11)
  9 ball pythons
  11 bats
  2 frilled lizards
  5 rats
741 creatures vanquished.

Vanquished Creatures (collateral kills)
  An anaconda (Snake:2)
  3 ogres (Orc:2)
  4 foxfires (Lair:5)
8 creatures vanquished.

Vanquished Creatures (others)
  2 deep elf knights
  2 deep elf pyromancers (Elf:1)
  A centaur skeleton (D:5)
  A hell rat (Lair:5)
  60 foxfires
  45 fungi
  133 plants
  6 withered plants (D:15)
250 creatures vanquished.

Grand Total: 999 creatures vanquished

Notes
Turn   | Place    | Note
-------+----------+-------------------------------------------
     0 | D:1      | bearlyready the Gnoll Cinder Acolyte began the quest for
                  | the Orb.
     0 | D:1      | Reached XP level 1. HP: 23/23 MP: 4/4
   245 | D:1      | Reached XP level 2. HP: 6/29 MP: 5/5
   888 | D:1      | Reached XP level 3. HP: 23/35 MP: 7/7
  1160 | D:2      | Noticed Robin
  1611 | D:2      | Reached skill level 1 in Invocations
  1612 | D:2      | Killed Robin
  1628 | D:2      | Reached skill level 1 in Short Blades
  1628 | D:2      | Reached skill level 1 in Axes
  1628 | D:2      | Reached skill level 1 in Maces & Flails
  1628 | D:2      | Reached skill level 1 in Polearms
  1628 | D:2      | Reached skill level 1 in Staves
  1628 | D:2      | Reached skill level 1 in Slings
  1628 | D:2      | Reached skill level 1 in Bows
  1628 | D:2      | Reached skill level 1 in Crossbows
  1628 | D:2      | Reached skill level 1 in Throwing
  1628 | D:2      | Reached skill level 1 in Armour
  1628 | D:2      | Reached skill level 1 in Dodging
  1628 | D:2      | Reached skill level 1 in Stealth
  1628 | D:2      | Reached skill level 1 in Shields
  1628 | D:2      | Reached skill level 1 in Unarmed Combat
  1628 | D:2      | Reached skill level 1 in Evocations
  1731 | D:2      | Reached XP level 4. HP: 41/41 MP: 8/8
  1807 | D:2      | Found Qadwy's General Store.
  1814 | D:2      | Bought a potion of heal wounds for 50 gold pieces
  1814 | D:2      | Bought a scroll of identify for 20 gold pieces
  1814 | D:2      | Identified a scroll of acquirement
  1819 | D:2      | Acquired 1356 gold pieces
  2300 | D:2      | Found a faded altar of an unknown god.
  2344 | D:2      | Learned a level 2 spell: Scorch
  2400 | D:2      | Reached skill level 1 in Conjurations
  2400 | D:2      | Reached skill level 1 in Hexes
  2400 | D:2      | Reached skill level 1 in Summonings
  2400 | D:2      | Reached skill level 1 in Necromancy
  2400 | D:2      | Reached skill level 1 in Translocations
  2400 | D:2      | Reached skill level 1 in Transmutations
  2400 | D:2      | Reached skill level 1 in Ice Magic
  2400 | D:2      | Reached skill level 1 in Air Magic
  2400 | D:2      | Reached skill level 1 in Earth Magic
  2400 | D:2      | Reached skill level 1 in Poison Magic
  2584 | D:2      | Found a runed translucent door.
  2585 | D:2      | Noticed Crazy Yiuf
  2592 | D:2      | Killed Crazy Yiuf
  2593 | D:2      | Reached XP level 5. HP: 10/47 MP: 0/9
  3588 | D:4      | Noticed a steam dragon
  4010 | D:4      | Reached XP level 6. HP: 53/53 MP: 7/10
  4086 | D:4      | Found a shadowy altar of Dithmenos.
  4214 | D:4      | Noticed Blork the orc
  4222 | D:4      | Killed Blork the orc
  4311 | D:4      | Found a shimmering blue altar of Sif Muna.
  4955 | D:4      | Found an iron altar of Okawaru.
  5044 | D:5      | Entered Level 5 of the Dungeon
  5114 | D:5      | Noticed a black bear
  5273 | D:4      | Reached XP level 7. HP: 43/59 MP: 5/12
  5579 | D:5      | Killed a steam dragon
  5715 | D:5      | Noticed Duvessa
  5715 | D:5      | Noticed Dowan
  5954 | D:4      | Reached XP level 8. HP: 32/67 MP: 7/14
  6001 | D:4      | Acquired a +2 broad axe of flaming
  6247 | D:5      | Killed Duvessa
  6254 | D:5      | Killed Dowan
  6500 | D:5      | Found a runed translucent door.
  7163 | D:6      | Reached XP level 9. HP: 64/72 MP: 16/16
  7247 | D:6      | Found Quoreqeh's Magic Scroll Shoppe.
  7407 | D:6      | Bought a scroll of teleportation for 33 gold pieces
  7407 | D:6      | Bought a scroll of teleportation for 33 gold pieces
  7407 | D:6      | Bought a scroll of teleportation for 33 gold pieces
  7407 | D:6      | Bought a scroll of magic mapping for 38 gold pieces
  8101 | D:6      | Reached skill level 5 in Spellcasting
  8164 | D:6      | Noticed a two-headed ogre
  8553 | D:7      | Noticed Harold
  8610 | D:7      | Paralysed by Harold for 3 turns
  8622 | D:7      | Killed Harold
  8623 | D:7      | Reached skill level 5 in Invocations
  9065 | D:7      | Noticed Prince Ribbit
  9083 | D:7      | Killed Prince Ribbit
  9084 | D:7      | Reached XP level 10. HP: 55/80 MP: 13/18
  9328 | D:7      | Found a staircase to the Ecumenical Temple.
  9654 | D:7      | Found a white marble altar of Elyvilon.
  9669 | D:7      | Reached skill level 5 in Short Blades
  9669 | D:7      | Reached skill level 5 in Axes
  9669 | D:7      | Reached skill level 5 in Maces & Flails
  9669 | D:7      | Reached skill level 5 in Polearms
  9669 | D:7      | Reached skill level 5 in Staves
  9669 | D:7      | Reached skill level 5 in Slings
  9669 | D:7      | Reached skill level 5 in Bows
  9669 | D:7      | Reached skill level 5 in Crossbows
  9669 | D:7      | Reached skill level 5 in Throwing
  9669 | D:7      | Reached skill level 5 in Armour
  9669 | D:7      | Reached skill level 5 in Dodging
  9669 | D:7      | Reached skill level 5 in Stealth
  9669 | D:7      | Reached skill level 5 in Shields
  9669 | D:7      | Reached skill level 5 in Unarmed Combat
  9669 | D:7      | Reached skill level 5 in Evocations
  9729 | D:7      | Found a hide-covered altar of Uskayaw.
 10366 | D:8      | Noticed a two-headed ogre
 10413 | D:8      | Killed a two-headed ogre
 11687 | D:9      | Noticed a kobold demonologist
 12362 | D:10     | Entered Level 10 of the Dungeon
 12371 | D:10     | Found a transporter.
 12379 | D:10     | Noticed an orange demon
 12392 | D:10     | Noticed a toenail golem
 12407 | D:10     | Noticed a boulder beetle
 12424 | D:10     | Killed a boulder beetle
 12425 | D:10     | Reached XP level 11. HP: 82/87 MP: 20/20
 12458 | D:10     | Found a one-way gate to the infinite horrors of the Abyss.
 12458 | D:10     | Noticed mathmaestro's ghost (novice TrMo)
 12467 | D:10     | Noticed a worldbinder
 12555 | D:10     | Reached skill level 5 in Conjurations
 12555 | D:10     | Reached skill level 5 in Hexes
 12555 | D:10     | Reached skill level 5 in Summonings
 12555 | D:10     | Reached skill level 5 in Necromancy
 12555 | D:10     | Reached skill level 5 in Translocations
 12555 | D:10     | Reached skill level 5 in Transmutations
 12555 | D:10     | Reached skill level 5 in Ice Magic
 12555 | D:10     | Reached skill level 5 in Air Magic
 12555 | D:10     | Reached skill level 5 in Earth Magic
 12555 | D:10     | Reached skill level 5 in Poison Magic
 13244 | D:10     | Found a staircase to the Orcish Mines.
 13311 | D:10     | Noticed a green ugly thing
 13340 | D:10     | Found a transporter.
 13341 | D:10     | Found a snail-covered altar of Cheibriados.
 13341 | D:10     | Found Cheibriados's Comfort Zone.
 13535 | D:10     | Found an ornate altar of the Wu Jian Council.
 13566 | D:10     | Found a broken altar of Ashenzari.
 14462 | D:9      | Noticed a brown ugly thing
 14483 | D:9      | Killed a brown ugly thing
 14952 | D:11     | Noticed a manticore
 14960 | D:11     | Killed a manticore
 14969 | D:11     | Noticed an eight-headed hydra
 15043 | D:11     | Noticed a two-headed ogre
 15086 | D:11     | Killed a two-headed ogre
 15370 | D:11     | Noticed an orc knight
 15394 | D:11     | Killed an orc knight
 15462 | D:11     | Noticed a skeletal warrior
 15463 | D:11     | Noticed a centaur warrior
 15474 | D:11     | Killed a skeletal warrior
 15479 | D:11     | Killed a centaur warrior
 15671 | D:11     | Found a staircase to the Lair.
 15675 | D:11     | Noticed a death yak
 15676 | D:11     | Noticed a death yak
 15691 | D:11     | Noticed a death yak
 15699 | D:11     | Killed a death yak
 15700 | D:11     | Reached XP level 12. HP: 96/96 MP: 23/23
 15707 | D:11     | Killed a death yak
 15715 | D:11     | Killed a death yak
 15737 | D:11     | Noticed an eight-headed hydra
 15838 | D:11     | Killed an eight-headed hydra
 16375 | D:11     | Killed an eight-headed hydra
 16794 | Lair:1   | Entered Level 1 of the Lair of Beasts
 16903 | Lair:1   | Reached skill level 10 in Fighting
 16903 | Lair:1   | Reached skill level 10 in Long Blades
 17043 | Lair:1   | Noticed an eight-headed hydra
 17178 | Lair:1   | Killed an 11-headed hydra
 17215 | Lair:1   | Reached XP level 13. HP: 40/103 MP: 25/25
 17676 | Lair:1   | Identified the +1 scale mail "Zoir" {rF+ Str-4 Slay+6
                  | Stlth+}
 18117 | Lair:2   | You fall into a shaft and drop 2 floors!
 18188 | Lair:4   | Found a staircase to the Snake Pit.
 20322 | Lair:3   | Found a staircase to the Shoals.
 21986 | Lair:5   | Noticed Josephine
 22027 | Lair:5   | Killed Josephine
 22028 | Lair:5   | Reached XP level 14. HP: 53/111 MP: 27/27
 22596 | Lair:5   | Noticed Rupert
 22601 | Lair:5   | Paralysed by Rupert for 6 turns
 22610 | Lair:5   | Noticed Kirke
 23342 | Lair:5   | Killed Kirke
 23837 | Lair:5   | Killed Rupert
 24155 | Lair:6   | Entered Level 6 of the Lair of Beasts
 24165 | Lair:5   | Reached skill level 10 in Invocations
 25323 | Lair:6   | Identified the +6 trident "Oxtuvik" {vorpal, rN+ Str+2}
 25776 | Lair:6   | Reached skill level 10 in Spellcasting
 25993 | Lair:6   | Found a runed translucent door.
 25993 | Lair:6   | Found a viscous altar of Jiyva.
 25994 | Lair:6   | Found a staircase to the Slime Pits.
 26868 | D:12     | Found Guvaelow's Armour Shop.
 26871 | D:12     | Bought a +1 pair of boots of rampaging for 247 gold pieces
 26871 | D:12     | Bought a +1 pair of gloves of strength for 247 gold pieces
 26931 | D:12     | Noticed Azrael
 26981 | D:12     | Killed Azrael
 26990 | D:12     | Reached XP level 15. HP: 81/119 MP: 29/29
 29027 | D:13     | Reached skill level 10 in Fire Magic
 29436 | D:14     | Reached skill level 10 in Short Blades
 29436 | D:14     | Reached skill level 10 in Axes
 29436 | D:14     | Reached skill level 10 in Maces & Flails
 29436 | D:14     | Reached skill level 10 in Polearms
 29436 | D:14     | Reached skill level 10 in Staves
 29436 | D:14     | Reached skill level 10 in Slings
 29436 | D:14     | Reached skill level 10 in Bows
 29436 | D:14     | Reached skill level 10 in Crossbows
 29436 | D:14     | Reached skill level 10 in Throwing
 29436 | D:14     | Reached skill level 10 in Armour
 29436 | D:14     | Reached skill level 10 in Dodging
 29436 | D:14     | Reached skill level 10 in Stealth
 29436 | D:14     | Reached skill level 10 in Shields
 29436 | D:14     | Reached skill level 10 in Unarmed Combat
 29436 | D:14     | Reached skill level 10 in Evocations
 30312 | Orc:1    | Entered Level 1 of the Orcish Mines
 31085 | Orc:2    | Entered Level 2 of the Orcish Mines
 31114 | Orc:2    | Found a dark tunnel.
 31140 | Volcano  | Entered a volcano
 31782 | Orc:2    | Found a staircase to the Elven Halls.
 31834 | Orc:2    | Noticed Nessos
 31838 | Orc:2    | Found Tuiry's Assorted Antiques.
 31843 | Orc:2    | Killed Nessos
 32855 | Orc:2    | Reached XP level 16. HP: 88/127 MP: 30/30
 33089 | Orc:2    | Found Unat's General Store.
 33093 | Orc:2    | Found Peumekav's Jewellery Boutique.
 33102 | Orc:2    | Found Zolyi's Antique Weapon Shoppe.
 33180 | Orc:2    | Bought a scroll of acquirement for 1092 gold pieces
 33180 | Orc:2    | Acquired the +1 pair of boots "Erghut" {rF++ rN+ SInv
                  | Stlth-}
 34536 | D:14     | Found a glowing silver altar of Zin.
 35295 | D:14     | Found a gate to the Vaults.
 35319 | D:15     | Entered Level 15 of the Dungeon
 36066 | D:15     | Found a runed translucent gate.
 36067 | D:15     | Found a runed translucent gate.
 36067 | D:15     | Found a runed translucent gate.
 36068 | D:15     | Noticed Qiywoyfutt's ghost (journeyman GrFi)
 36069 | D:15     | Noticed Fodd's ghost (adept GnDe)
 36707 | D:15     | Found a staircase to the Depths.
 37219 | Shoals:1 | Entered Level 1 of the Shoals
 37219 | Shoals:1 | Found Xunnan's Assorted Antiques.
 37499 | Snake:1  | Entered Level 1 of the Snake Pit
 38394 | Snake:1  | Found Ikuch's Assorted Antiques.
 38403 | Snake:1  | Found Widesum's Assorted Antiques.
 38408 | Snake:1  | Bought a shiny kite shield for 292 gold pieces
 38428 | Snake:1  | Bought a scroll of teleportation for 69 gold pieces
 38428 | Snake:1  | Bought a potion of curing for 69 gold pieces
 38428 | Snake:1  | Bought a scroll of teleportation for 69 gold pieces
 38992 | Snake:1  | Reached XP level 17. HP: 36/135 MP: 32/32
 40150 | Snake:2  | Noticed Vashnia
 40948 | Elf:1    | Entered Level 1 of the Elven Halls
 41793 | Elf:1    | Paralysed by an air elemental for 1 turns
 42799 | Elf:2    | Found a portal to a secret trove of treasure.
 43321 | Elf:2    | HP: 2/136 [deep elf zephyrmancer/bolt of lightning (12)]
 43321 | Elf:2    | Killed from afar by a deep elf zephyrmancer

Illustrated notes

Levels and vault maps discovered:
D:1:      saegor_arrival_simple_a, layout_rooms
D:2:      layout_loops_ring, serial_shops, nicolae_square_shop,
          dreamdust_ecumenical_altar_angels_and_demons, uniq_crazy_yiuf_cottage,
          uniq_robin
D:3:      layout_loops_ring
D:4:      layout_gridville, mainiacjoe_overflow_tiny_flanked, tgw_sif,
          grunt_dithmenos_smoke_and_mirrors
D:5:      layout_basic, lightli_church_of_beogh, uniq_duvessa
D:6:      layout_basic, serial_bayou, serial_bayou_pond_e, serial_bayou_lake_a,
          serial_bayou_pond_a, serial_bayou_pond_c, serial_shops,
          nicolae_shop_waterfront, minmay_small_thing
D:7:      layout_rooms, nicolae_uskayaw_dance_studio, elyvilon_altar_5,
          minmay_temple_entry_grid, hangedman_abyss_or_decor_passed,
          grunt_ministairs_11, uniq_harold, uniq_prince_ribbit1
D:8:      layout_basic
D:9:      layout_loops_cross, serial_glass, glass_columns_a, glass_columns_a,
          glass_columns_a, glass_columns_b, glass_columns_a, glass_columns_a,
          kennysheep_flooded_box, hangedman_decor_lopped, fountainhead,
          kennysheep_cluttered_room, lightli_fourway_metalbox
D:10:     layout_basic, mainiacjoe_overflow_two_lobes, david_orc_3,
          gammafunk_ghost_abyssal_escape, minmay_shop_chei
D:11:     minmay_cornered_nines, layout_loops_corners, dpeg_lair_monsters,
          corexii_corridor_pit
D:12:     layout_small_grid, serial_shops, kennysheep_mini,
          serial_co_window_serial, co_window_paths_b, co_window_paths_a,
          co_window_paths_a, co_window_of_opportunity_a, co_window_paths_b,
          co_window_of_opportunity_a, co_window_unsneaky_path_d,
          co_window_broadway_b, co_window_corner_cb, co_window_corner_b,
          co_window_broadway_c, co_window_unsneaky_path_b, glass_columns_b,
          glass_columns_b, uniq_azrael
D:13:     layout_basic, serial_glass, glass_columns_a, glass_columns_b
D:14:     layout_loops_ring, grunt_vaults_entry_tiered, chequers_mini_garden,
          zin_statuary
D:15:     hangedman_depths_entry_try_elsewhere_first, layout_long_grid,
          roderic_roman_lattice, gammafunk_ghost_cemetery
Lair:1:   layout_hall_layers
Lair:2:   layout_hall_layers, grunt_megastairs_4, infiniplex_staircase_pool
Lair:3:   layout_gridlike, minmay_shoals_entry_centaurs, guppyfry_lair_drakes
Lair:4:   layout_loops_ring, dummy_snake_entry, serial_bayou_ford_a
Lair:5:   layout_cave_pods, uniq_rupert, uniq_kirke, uniq_josephine
Lair:6:   gammafunk_lair_ancient_temple, layout_misc_corridors, slime_altar_2
Shoals:1: cheibrodos_shoals_gigantism, layout_shoals, serial_shops,
          nicolae_shop_statue_plus
Snake:1:  layout_layer_cave, grunt_ministairs_8, grunt_megastairs_5,
          minmay_shop_star
Snake:2:  layout_cave_town, uniq_vashnia, uniq_mlioglotl
Orc:1:    layout_diamond_mine
Orc:2:    st_orc_open, layout_diamond_mine, nicolae_volcano_entry_vermiform,
          basic_altar, mines5_lemuel, uniq_nessos
Elf:1:    layout_gridlike, minmay_elf_crystal_heptagon
Elf:2:    nicolae_elf_blades_splatter_lattice
          [nicolae_blade_entry_hurt_lockers], layout_geoelf_diagonals,
          enter_trove_2, nicolae_elf_deep_friendship

Skill      XL: |  1  2  3  4  5  6  7  8  9 10 11 12 13 14 15 16 17 |
---------------+----------------------------------------------------+-----
Invocations    | 1 2 3 4 5 6 7 8 9 10 11 12 | 12.5
Short Blades   | 1 2 3 4 5 6 7 8 9 10 11 | 11.6
Axes           | 1 2 3 4 5 6 7 8 9 10 11 | 11.6
Maces & Flails | 1 2 3 4 5 6 7 8 9 10 11 | 11.6
Polearms       | 1 2 3 4 5 6 7 8 9 10 11 | 11.6
Staves         | 1 2 3 4 5 6 7 8 9 10 11 | 11.6
Slings         | 1 2 3 4 5 6 7 8 9 10 11 | 11.6
Bows           | 1 2 3 4 5 6 7 8 9 10 11 | 11.6
Crossbows      | 1 2 3 4 5 6 7 8 9 10 11 | 11.6
Throwing       | 1 2 3 4 5 6 7 8 9 10 11 | 11.6
Armour         | 1 2 3 4 5 6 7 8 9 10 11 | 11.6
Dodging        | 1 2 3 4 5 6 7 8 9 10 11 | 11.6
Stealth        | 1 2 3 4 5 6 7 8 9 10 11 | 11.6
Shields        | 1 2 3 4 5 6 7 8 9 10 11 | 11.6
Unarmed Combat | 1 2 3 4 5 6 7 8 9 10 11 | 11.6
Evocations     | 1 2 3 4 5 6 7 8 9 10 11 | 11.6
Spellcasting   | 3 4 5 6 7 8 9 10 11 | 11.9
Conjurations   | 1 2 3 4 5 6 7 8 9 |  9.9
Hexes          | 1 2 3 4 5 6 7 8 9 |  9.9
Summonings     | 1 2 3 4 5 6 7 8 9 |  9.9
Necromancy     | 1 2 3 4 5 6 7 8 9 |  9.9
Translocations | 1 2 3 4 5 6 7 8 9 |  9.9
Transmutations | 1 2 3 4 5 6 7 8 9 |  9.9
Ice Magic      | 1 2 3 4 5 6 7 8 9 |  9.9
Air Magic      | 1 2 3 4 5 6 7 8 9 |  9.9
Earth Magic    | 1 2 3 4 5 6 7 8 9 |  9.9
Poison Magic   | 1 2 3 4 5 6 7 8 9 |  9.9
Fighting       | 7 8 9 10 11 12 13 | 13.0
Long Blades    | 7 8 9 10 11 12 13 | 13.0
Fire Magic     | 6 7 8 9 10 11 | 11.2

Action                   |  1- 3 |  4- 6 |  7- 9 | 10-12 | 13-15 | 16-18 || total
-------------------------+-------+-------+-------+-------+-------+-------++-------
Melee: Falchion          |   153 |   128 |    33 |       |       |       ||   314
       Bite              |     6 |    11 |    16 |    65 |    86 |    70 ||   254
       Punch             |       |     1 |       |       |       |       ||     1
       Dagger            |       |       |   105 |    69 |       |       ||   174
       Short sword       |       |       |       |   212 |       |       ||   212
       Scimitar          |       |       |       |   194 |   892 |   593 ||  1679
       Unarmed           |       |       |       |       |    10 |       ||    10
Throw: Dart              |       |       |    11 |    62 |     1 |    28 ||   102
       Throwing net      |       |       |       |     6 |       |       ||     6
       Boomerang         |       |       |       |    13 |   124 |    59 ||   196
 Cast: Scorch            |       |    29 |    70 |    78 |     1 |       ||   178
Invok: Foxfire Swarm     |     1 |       |       |     1 |     1 |       ||     3
Evoke: Wand              |       |       |    12 |    16 |    55 |    39 ||   122
       Phantom mirror    |       |       |       |     1 |     3 |     1 ||     5
  Use: Scroll            |       |     9 |     4 |     9 |    14 |     9 ||    45
       Potion            |       |     1 |     5 |     1 |     6 |     3 ||    16
 Stab: Sleeping          |       |     3 |     4 |    10 |    15 |     7 ||    39
       Invisible         |       |       |     3 |       |       |       ||     3
       Paralysed         |       |       |       |     6 |     5 |     2 ||    13
       Held in net/web   |       |       |       |     1 |       |       ||     1
       Distracted        |       |       |       |       |     3 |     2 ||     5
Armor: Robe              |    29 |    24 |       |       |       |       ||    53
       Leather armour    |       |     2 |     1 |       |       |       ||     3
       Steam dragon scal |       |       |    37 |   114 |       |       ||   151
       Scale mail        |       |       |       |       |   384 |   178 ||   562
Dodge: Dodged            |    64 |    66 |    95 |   169 |   400 |   167 ||   961
Block: Other             |    38 |    27 |    34 |       |     1 |       ||   100
       Reflection        |     1 |       |     1 |     8 |    29 |    51 ||    90
       Buckler           |       |       |    25 |   178 |   460 |   149 ||   812
       Kite shield       |       |       |       |       |       |   188 ||   188

Table legend: (Time is in decaauts)
 A = Elapsed time spent in this place.
 B = Non-inter-level travel time spent in this place.
 C = Inter-level travel time spent in this place.
 D = Time resting spent in this place.
 E = Time spent auto-exploring this place.
 F = Levels seen in this place.
 G = Mean time per level.
                   A        B        C        D        E       F      G
               +--------+--------+--------+--------+--------+-----+--------+
         Total |  43050 |  40723 |   2327 |   4916 |  28680 |  29 | 1484.5 |
       Dungeon |  23968 |  22464 |   1504 |   1714 |  16644 |  15 | 1597.9 |
          Lair |  10726 |  10226 |    500 |   1499 |   7137 |   6 | 1787.7 |
        Shoals |     15 |     15 |      0 |      0 |      0 |   1 |   15.0 |
     Snake Pit |   2837 |   2717 |    120 |    851 |   1476 |   2 | 1418.5 |
  Orcish Mines |   2657 |   2477 |    180 |    460 |   1540 |   2 | 1328.5 |
   Elven Halls |   2370 |   2350 |     20 |    390 |   1499 |   2 | 1185.0 |
       Volcano |    474 |    474 |      0 |      0 |    384 |   1 |  474.0 |
               +--------+--------+--------+--------+--------+-----+--------+

Top non-repeatable levels by time:
 Snake:1: 2773 daAuts
  Lair:5: 2674 daAuts
    D:14: 2340 daAuts
   Elf:1: 2192 daAuts
     D:6: 2056 daAuts
  Lair:4: 2042 daAuts
    D:11: 1965 daAuts
  Lair:6: 1956 daAuts
     D:4: 1934 daAuts
  Lair:3: 1905 daAuts
    D:10: 1824 daAuts
    D:13: 1723 daAuts
    D:15: 1642 daAuts
   Orc:2: 1586 daAuts
     D:5: 1562 daAuts
